 Dungeon Crawl Stone Soup version 0.30.1-11-g7821555f0a (webtiles) character file.

Game seed: 12856902982491895556

255 booth the Chopper (level 6, -5/56 HPs)
             Began as a Hill Orc Monk on Nov 27, 2023.
             Slain by Pikel
             ... wielding a +1 whip of electrocution
              (8 damage)
             ... on level 4 of the Dungeon.
             The game lasted 00:20:10 (3751 turns).

booth the Chopper (Hill Orc Monk)                   Turns: 3751, Time: 00:20:11

Health: -5/56      AC:  5    Str: 16    XL:     6   Next: 15%
Magic:  6/6        EV: 12    Int: 10    God:
Gold:   169        SH:  0    Dex: 13    Spells: 5/5 levels left

rFire   . . .        a - +0 hand axe
rCold   + . .        d - orb {light}
rNeg    . . .        h - +1 leather armour
rPois   .            (no helmet)
rElec   .            p - +0 cloak
rCorr   .            (no gloves)
SInv    .            (no boots)
Will    .....        (no amulet)
Stlth   +            m - ring of protection from cold
HPRegen 0.29/turn    (no ring)
MPRegen 0.10/turn

%: no passive effects
@: glowing
A: no striking features
a: no special abilities


You were on level 4 of the Dungeon.
You visited 1 branch of the dungeon, and saw 4 of its levels.

You collected 169 gold pieces.

Inventory:

Hand Weapons
 a - a +0 hand axe (weapon)
 g - a +0 whip of freezing
Missiles
 j - 6 poisoned darts (quivered)
 l - 5 boomerangs
Armour
 d - an orb of light (worn)
 h - a +1 leather armour (worn)
 p - a +0 cloak (worn)
Jewellery
 m - a ring of protection from cold (left hand)
Scrolls
 e - a scroll of teleportation
 i - 2 scrolls of amnesia {unknown}
 n - a scroll of brand weapon {unknown}
 q - a scroll of blinking {unknown}
Potions
 b - a potion of brilliance
 c - a potion of ambrosia
 f - 2 potions of mutation
 k - 2 potions of resistance


   Skills:
 + Level 5.4 Fighting
 * Level 7.4 Axes
 - Level 2.5 Dodging


You had 5 spell levels left.
You didn't know any spells.
Your spell library was empty.

Dungeon Overview and Level Annotations

Branches:
Dungeon (4/15)
 Temple: D:4-7

Altars:
Ashenzari
Kikubaaqudgha
Xom
The Shining One

Shops:
D:1 :

Annotations:
D:3 3 runed translucent doors, Qelan's ghost, weakling DjHW
D:4 Pikel


Message History

Pikel and 2 lemures come into view.
Pikel is wielding a +1 whip of electrocution.
Pikel shouts!
The lemure shouts! x2
Found a shortbow.
The lemure hits you but does no damage. The lemure attacks as you move away!
The lemure hits you! The lemure hits you but does no damage.
A quokka comes into view.
Pikel drinks a potion.
Pikel suddenly seems more resistant.
The lemure hits you. The lemure hits you!
The lemure hits you but does no damage.
You hit Pikel.
Pikel is lightly wounded.
You hit the lemure. x2; You hit the lemure but do no damage.
You hit Pikel.
Pikel is lightly wounded.
You completely miss the lemure. You hit the lemure. You barely miss the lemure.
Pikel hits you with a +1 whip of electrocution!
The lemure closely misses you. The lemure misses you. The lemure hits you.
A quokka comes into view.
You slash Pikel!
Pikel is moderately wounded.
You hit the lemure but do no damage. x2; You barely miss the lemure.
Pikel hits you with a +1 whip of electrocution!
* * * LOW HITPOINT WARNING * * *
The lemure closely misses you. The lemure hits you.
* * * LOW HITPOINT WARNING * * *
The lemure barely misses you.
It was a potion of magic.
Magic courses through your body.
Pikel hits you with a +1 whip of electrocution.
* * * LOW HITPOINT WARNING * * *
The lemure hits you but does no damage. x2; The lemure barely misses you.
The quokka bites you but does no damage.
You hit Pikel but do no damage.
Pikel is moderately wounded.
You hit the lemure. You closely miss the quokka. You hit the lemure. x2
Pikel hits you with a +1 whip of electrocution.
* * * LOW HITPOINT WARNING * * *
You are electrocuted!
You die...

. # ......## ...
.......## ..........##
.)..... ............
#..... ...........# ....
## ...........####..
..###.
....##.......##r##......
...###..........@K5.....
............#[.555......
.#..........#)...###....
.#.#........#...## ##.
....#...........#
................##
............###..#
.#..........##...#
...))..###...#..##


You could see Pikel (resistant), 4 lemures and a quokka.

Vanquished Creatures
  A scorpion (D:4)
  A jelly (D:4)
  Jessica (D:3)
  An orc wizard (D:4)
  4 adders
  A worm (D:2)
  12 orcs (D:4)
  3 bats
  10 endoplasms
  4 goblins
  3 hobgoblins
  3 jackals (D:4)
  2 quokkas
  4 ball pythons
  4 frilled lizards
  7 kobolds
  2 rats
63 creatures vanquished.

Notes
Turn   | Place    | Note
-------+----------+-------------------------------------------
     0 | D:1      | booth the Hill Orc Monk began the quest for the Orb.
     0 | D:1      | Reached XP level 1. HP: 19/19 MP: 1/1
   459 | D:1      | Reached XP level 2. HP: 27/27 MP: 2/2
   520 | D:1      | Found Falomuoz's Book Emporium.
  1026 | D:1      | Found a faded altar of an unknown god.
  1423 | D:2      | Reached XP level 3. HP: 33/33 MP: 3/3
  1448 | D:2      | Reached skill level 5 in Axes
  2130 | D:3      | Found a broken altar of Ashenzari.
  2130 | D:3      | Found a glowing golden altar of the Shining One.
  2130 | D:3      | Found a shimmering altar of Xom.
  2130 | D:3      | Found an ancient bone altar of Kikubaaqudgha.
  2589 | D:3      | Noticed Jessica
  2600 | D:3      | Killed Jessica
  2601 | D:3      | Reached XP level 4. HP: 39/41 MP: 4/4
  2802 | D:3      | Found a runed translucent gate.
  2802 | D:3      | Found a runed translucent gate.
  2802 | D:3      | Found a runed translucent gate.
  2837 | D:3      | Noticed Qelan's ghost (weakling DjHW)
  2907 | D:3      | Reached skill level 6 in Axes
  3344 | D:4      | Reached XP level 5. HP: 12/47 MP: 5/5
  3348 | D:4      | Reached skill level 5 in Fighting
  3368 | D:4      | Reached skill level 7 in Axes
  3368 | D:4      | Reached XP level 6. HP: 16/56 MP: 6/6
  3742 | D:4      | Noticed Pikel
  3751 | D:4      | Slain by Pikel

Illustrated notes

Levels and vault maps discovered:
D:1:      spicycebolla_arrival_xxxplode, layout_loops_cross, serial_shops,
          nicolae_shop_waterfront, shapermc_ecumenical_altar_mp_urbaneastern,
          serial_co_window_serial, co_window_of_opportunity_a,
          co_window_of_opportunity_a, co_window_cross_1,
          co_window_of_opportunity_a, co_window_of_opportunity_a,
          co_window_of_opportunity_b, co_window_unsneaky_path_e,
          co_window_corner_ca, co_window_unsneaky_path_c,
          co_window_of_opportunity_b, co_window_paths_d, minmay_misc_feat_tiny
D:2:      layout_loops_corners, serial_bayou_pond_d
D:3:      layout_basic, grunt_temple_overflow_open, gammafunk_ghost_icy,
          uniq_jessica
D:4:      layout_cave_pools, uniq_pikel

Skill      XL: |  1  2  3  4  5 |
---------------+----------------+-----
Fighting       | 4 5 |  5.4
Axes           | 5 6 7 |  7.4
Dodging        | |  2.5

Action                     |  1- 3 |  4- 6 || total
---------------------------+-------+-------++-------
  Melee: Hand axe          |   124 |    74 ||   198
    Use: Scroll            |     4 |     4 ||     8
         Potion            |     2 |     2 ||     4
 Armour: Leather armour    |    14 |    21 ||    35
         Skin              |       |    12 ||    12
  Dodge: Dodged            |    69 |    43 ||   112
